AoeStats
← Random

Nomad

507828082Analyzed
4v4 RM · 13d ago on Sep 19, 2026· 42m 41s· 8 players
Game mode
Random Map
Map size
231×231
Population
200
Speed
Normal
Resources
Standard
Victory
Conquest
Starting age
Dark Age
Ending age
Imperial Age
RankedLock teamsTeams togetherTeam positionsShared explorationLock speedFull tech treeHidden civsTurbo modeCheats
Victory
Defeat
🇫🇮 Portuguese · Finland
1811
+8
🇫🇮 Koreans · Finland
1623
+15
🇫🇮 Burmese · Finland
1588
+16
🇫🇮 Slavs · Finland
1512
+19
🇭🇰 Inca · Hong Kong SAR China
1667
-17
🇺🇸 Bengalis · United States
1603
-15
🇨🇳 Celts · China
1577
-14
🇯🇵 Italians · Japan
1544
-12
Random
5:15 Loom
12:54 Feudal Age
13:36 Double-Bit Axe
13:32 Horse Collar
17:07 Fishing Lines
21:00 Castle Age
21:20 Padded Archer Armor
21:03 Crossbowman
21:34 Fletching
22:41 Bodkin Arrow
32:26 Bow Saw
32:16 Heavy Plow
32:41 Gillnets
33:28 Heavy Plow
37:48 Wheelbarrow
36:59 Town Watch
39:57 Hand Cart
39:44 Town Patrol
43:23 Imperial Age
41:43 Leather Archer Armor
41:53 Ballistics
41:24 Gold Mining
42:39 Masonry
mochichi4
10:37 Loom
12:51 Feudal Age
17:21 Castle Age
15:35 Double-Bit Axe
16:28 Forging
18:17 Medium Warships
19:03 Iron Casting
19:03 Town Watch
21:43 Fletching
24:51 Wheelbarrow
26:41 Horse Collar
27:11 Bow Saw
28:40 Heavy Plow
29:10 Scale Mail Armor
29:11 Champi Runner
30:20 Squires
30:22 Champi Warrior
33:04 Chain Mail Armor
36:38 Pikeman
43:14 Imperial Age
41:27 Gold Mining
41:28 Stone Mining
great soup
5:43 Loom
12:56 Feudal Age
16:44 Castle Age
15:30 Stone Mining
19:02 Scale Mail Armor
20:05 Wheelbarrow
19:55 Town Watch
23:03 Double-Bit Axe
30:58 Chain Mail Armor
31:06 Horse Collar
32:18 Heavy Plow
32:46 Bow Saw
35:59 Imperial Age
33:44 Stronghold
34:20 Fletching
35:22 Bodkin Arrow
35:39 Forging
37:55 Gold Mining
37:43 Elite Woad Raider
39:17 Plate Mail Armor
42:12 Iron Casting
41:23 Capped Ram
Songoku
4:00 Loom
13:36 Feudal Age
14:50 Double-Bit Axe
17:49 Castle Age
15:50 Horse Collar
16:52 Stone Mining
18:00 Fletching
31:05 Imperial Age
29:26 Bow Saw
30:11 Scale Mail Armor
30:21 Forging
31:08 Wheelbarrow
31:00 Heavy Plow
31:49 Squires
33:07 Chain Mail Armor
33:32 Gold Mining
34:06 Arson
35:00 Town Watch
37:03 Plate Mail Armor
38:41 Chemistry
39:55 Hand Cart
30Markus
7:16 Loom
14:10 Feudal Age
18:33 Castle Age
17:55 Double-Bit Axe
18:17 Gold Mining
19:46 Bow Saw
19:27 Fletching
20:32 Fishing Lines
21:16 Bodkin Arrow
22:02 Medium Warships
25:39 Ballistics
26:09 Husbandry
36:57 Imperial Age
35:55 Wheelbarrow
37:04 Hand Cart
38:45 Chemistry
38:06 Bracer
Juyhou
11:35 Feudal Age
12:06 Double-Bit Axe
12:35 Fishing Lines
14:54 Loom
19:35 Castle Age
19:24 Fletching
20:53 Bow Saw
21:35 Medium Warships
22:30 Gillnets
22:36 Town Watch
27:50 Wheelbarrow
34:08 Imperial Age
31:50 Gold Mining
32:43 Stone Mining
34:07 Bodkin Arrow
34:04 Crossbowman
34:51 Bracer
36:58 Chemistry
36:19 Ballistics
35:28 Arbalester
36:49 Conscription
36:37 Thumb Ring
37:02 Padded Archer Armor
39:06 Arquebus
40:58 Hand Cart
41:19 Town Patrol
42:00 Siege Engineers
Pahvi0
12:29 Feudal Age
13:15 Loom
16:03 Castle Age
14:41 Stone Mining
19:03 Padded Archer Armor
20:29 Horse Collar
25:12 Medium Warships
29:13 Gold Mining
30:52 Fishing Lines
35:30 Imperial Age
35:22 Wheelbarrow
37:26 Gold Shaft Mining
38:50 Hand Cart
40:11 Gillnets
42:53 Conscription
Valtsyuk
4:39 Loom
13:29 Feudal Age
14:12 Double-Bit Axe
14:42 Horse Collar
20:50 Castle Age
18:58 Fletching
19:41 Gold Mining
21:29 Bodkin Arrow
20:55 Crossbowman
24:48 Padded Archer Armor
31:29 Bow Saw
34:31 Imperial Age
33:40 Wheelbarrow
34:09 Scale Barding Armor
34:14 Forging
35:03 Chain Barding Armor
38:17 Imperial Age
37:13 Iron Casting
39:35 Plate Barding Armor
41:41 Bloodlines
42:34 Blast Furnace
41:27 Cavalier
Connection lost

Rejoining the realm…

Still unreachable

The connection could not be restored.

Session expired

The server has moved on; the page needs a fresh start.